 Dungeon Crawl Stone Soup version 0.21-a0-163-g3aa3f5d (webtiles) character file.

67 TabTabO the Slasher (level 3, 0/27 HPs)
             Began as a Demonspawn Gladiator on Aug 5, 2017.
             Slain by an orc (3 damage)
             ... on level 3 of the Dungeon.
             The game lasted 00:01:36 (1855 turns).

TabTabO the Slasher (Demonspawn Gladiator)          Turns: 1855, Time: 00:01:37

Health: 0/27       AC:  7    Str: 15    XL:     3   Next: 98%
Magic:  3/3        EV: 10    Int:  9    God:
Gold:   68         SH:  0    Dex: 14    Spells: 2/2 levels left

rFire    . . .     SeeInvis .   a - +0 long sword
rCold    . . .     Gourm    .   (no shield)
rNeg     . . .     Faith    .   l - +0 scale mail (curse)
rPois    .         Spirit   .   c - +0 helmet
rElec    .         Reflect  .   (no cloak)
rCorr    .         Harm     .   (no gloves)
MR       .....                  (no boots)
Stlth    ..........             (no amulet)
HPRegen  0.09/turn              (no ring)
MPRegen  0.08/turn              (no ring)

@: no status effects
A: claws 1
a: no special abilities


You were on level 3 of the Dungeon.
You were not hungry.

You visited 1 branch of the dungeon, and saw 3 of its levels.

You collected 68 gold pieces.

Inventory:

Hand Weapons
 a - a +0 long sword (weapon)
Missiles
 d - 3 throwing nets (quivered)
Armour
 b - a +0 leather armour
 c - a +0 helmet (worn)
 l - a cursed +0 scale mail (worn)
Jewellery
 e - an uncursed ring of ice {unknown}
 h - a cursed ring of loudness {unknown}
Scrolls
 n - a scroll of random uselessness {unknown}
 o - 3 scrolls of recharging {unknown}
 q - a scroll of blinking {unknown}
 r - a scroll of remove curse {unknown}
 s - a scroll of identify {unknown}
Potions
 g - a potion of degeneration {unknown}
 j - a potion of curing {unknown}
 k - a potion of magic {unknown}
 m - 2 potions of mutation {unknown}
 p - a potion of flight {unknown}
 u - a potion of resistance {unknown}
Comestibles
 f - 3 bread rations
 i - a royal jelly
 t - a meat ration


   Skills:
 + Level 2.2 Fighting
 + Level 3.6 Long Blades
 + Level 1.8 Throwing
 + Level 1.1 Armour
 + Level 3.1 Dodging
 + Level 0.2 Stealth


You had 2 spell levels left.
You didn't know any spells.

Dungeon Overview and Level Annotations

Branches:
Dungeon (3/15)

Altars:


Innate Abilities, Weirdness & Mutations

You have sharp fingernails.


Message History

The orc hits you. The orc hits you with a flail.
* * * LOW HITPOINT WARNING * * *
You hit the orc.
The orc is moderately wounded.
The orc closely misses you. The orc hits you but does no damage.
You hit the orc.
You kill the orc!
The orc barely misses you.
You closely miss the orc. The orc hits you.
* * * LOW HITPOINT WARNING * * *
The orc hits you but does no damage.
You completely miss the orc. The orc hits you but does no damage.
You hit the orc.
The orc is severely wounded.
The orc hits you.
* * * LOW HITPOINT WARNING * * *
You barely miss the orc.
The orc is severely wounded.
The orc hits you.
You die...

#.####.#.#<...#
#.#.#.#... #.#.#.####
#.#.#..
.##############.#.###
................#..
................###
......).........#
......)@........#
......o.........#
...#####.......## #
#.......# #.......#
#########


You could see an orc.

Vanquished Creatures
  An adder (D:2)
  2 worms (D:2)
  A dart slug (D:2)
  3 leopard geckos
  2 orcs (D:3)
  2 giant cockroaches (D:2)
  9 hobgoblins
  6 jackals
  2 kobolds
  A quokka (D:2)
  4 bats
  4 frilled lizards
  2 goblins (D:2)
  A rat (D:1)
40 creatures vanquished.

Notes
Turn   | Place    | Note
-------+----------+-------------------------------------------
     0 | D:1      | TabTabO the Demonspawn Gladiator began the quest for the Orb.
     0 | D:1      | Reached XP level 1. HP: 16/16 MP: 1/1
   255 | D:1      | Gained mutation: You have sharp fingernails. [demonic ancestry]
   255 | D:1      | Reached XP level 2. HP: 17/22 MP: 2/2
  1132 | D:2      | Reached XP level 3. HP: 27/27 MP: 3/3
  1155 | D:2      | Reached skill level 1 in Armour
  1855 | D:3      | Slain by an orc

Vault maps used:
D:1:      dpeg_arrival_tiny_d
D:2:      patterned_corridor
D:3:      nicolae_gozag_seed_capital, kennysheep_generic_room_14,
          uniq_crazy_yiuf_cottage, uniq_robin, uniq_terence

Skill      XL: |  1  2  3 |
---------------+----------+-----
Long Blades    | 3 |  3.6
Dodging        | 3 |  3.1
Armour         | 1 |  1.1
Fighting       | |  2.2
Throwing       | |  1.8
Stealth        | |  0.2

Action                   || total
-------------------------++-------
Melee: Long sword        ||   124
  Eat: Chunk             ||     3
Armor: Leather armour    ||    11
       Scale mail        ||    31
Dodge: Dodged            ||    92
       Rpst.: Long sword ||    32
